 Dungeon Sprint DCSS version 0.30.1-4-g462c640d31 (webtiles) character file.

Game seed: 17269329600435916750

3042 Heoruswealwe the Severer (level 9, -16/94 HPs)
             Began as a Hill Orc Fighter on Aug 22, 2023.
             Was a Priest of the Shining One.
             Killed from afar by an oklob plant (26 damage)
             ... with a splash of acid
             ... in the Dungeon (Sprint I: "Red Sonja").
             The game lasted 00:08:25 (915 turns).

Heoruswealwe the Severer (Hill Orc Fighter)          Turns: 915, Time: 00:08:25

Health: -16/94     AC: -6    Str: 23    XL:     9   Next: 86%
Magic:  9/9        EV:  9    Int:  8    God:    the Shining One [***...]
Gold:   668        SH:  4    Dex: 10    Spells: 8/8 levels left

rFire   . . .        a - +0 war axe
rCold   . . .        d - +0 buckler
rNeg    + . .        c - +0 scale mail
rPois   .            (no helmet)
rElec   .            (no cloak)
rCorr   .            (no gloves)
SInv    .            (no boots)
Will    .....        (no amulet) Stlth
                     (no ring)
HPRegen 0.35/turn    (no ring)
MPRegen 0.11/turn

%: no teleportation
@: corroded, glowing
A: no striking features
a: Renounce Religion, Divine Shield, Cleansing Flame


You were in the Dungeon.
You worshipped the Shining One.
The Shining One was most pleased with you.
You visited 1 branch You collected 720 gold pieces.
You spent 52 gold pieces at shops.

Inventory:

Hand Weapons
 a - a +0 war axe (weapon)
 b - a +0 longbow
Armour
 c - a +0 scale mail (worn)
 d - a +0 buckler (worn)
Wands
 k - a wand of digging (8)
Scrolls
 j - a scroll of blinking
Potions
 e - a potion of flight


   Skills:
 + Level 13.7 Fighting
 * Level 19.9 Axes
 + Level 12.7 Armour
 - Level 3.2 Shields


You had 8 spell levels left.
You didn't know any spells.
Your spell library was empty.

Dungeon Overview and Level Annotations

Branches:
Dungeon (1/1)

Altars:
Cheibriados
Dithmenos
Elyvilon
Fedhas
Gozag
Hepliaklqana
Kikubaaqudgha
Makhleb
Nemelex Xobeh
Okawaru
Qazlal
Ru
Sif Muna
Trog
Uskayaw
Vehumet
Wu Jian
Xom
Yredelemnul
Zin
The Shining One
Jiyva
Lugonu

Shops:
D ?[

Annotations:
D exclusion: oklob plant


Message History

You slash the oklob plant!
The oklob plant is heavily damaged.
The oklob plant spits acid at you. The splash of acid hits you!!
The acid corrodes you!
You hit the oklob plant.
The oklob plant is heavily damaged.
You hit the oklob plant but do no damage.
The oklob plant is heavily damaged.
You slash the oklob plant!
The oklob plant is heavily damaged.
You hit the oklob plant but do no damage.
The oklob plant is heavily damaged.
The oklob plant spits acid at you. The splash of acid hits you!!
* * * LOW HITPOINT WARNING * * *
The acid corrodes you!
You feel better.
You slash the oklob plant!
The oklob plant is severely damaged.
You hit the oklob plant but do no damage.
The oklob plant is severely damaged.
You hit the oklob plant but do no damage.
The oklob plant is severely damaged.
The oklob plant spits acid at you. The splash of acid misses you.
You hit the oklob plant.
The oklob plant is severely damaged.
You hit the oklob plant but do no damage.
The oklob plant is severely damaged.
The oklob plant spits acid at you. The splash of acid hits you!!
* * * LOW HITPOINT WARNING * * *
The acid corrodes you!
You hit the oklob plant but do no damage.
The oklob plant is severely damaged.
You hit the oklob plant.
The oklob plant is severely damaged.
The oklob plant spits acid at you. The splash of acid hits you!!
You die...

###################
..#..'..#__#..')..#
..').#..'..'..#)..#
#'#####'#__####...+
..#!?.#.####§§#####
###..##.#~~§.÷#..#
__##'#_.+~~§§§+..#
...'..._#~~§§)#..#
__##_.#'##+#####@#
__###+#(#.)..###P+
### ####'###.###
+.....'(∩#
##########


You could see an oklob plant.

Vanquished Creatures
  2 centaur warriors (D)
  A deep troll (D)
  2 kobold demonologists (D)
  A hornet (D)
  A slime creature (D)
  Sigmund (D)
  A yak (D)
  A floating eye (D)
  An ogre (D)
  A jelly (D)
  Ijyb (D)
13 creatures vanquished.

Notes
Turn   | Place    | Note
-------+----------+-------------------------------------------
     0 | D        | Heoruswealwe the Hill Orc Fighter began the quest for the
                  | Orb.
     0 | D        | Reached XP level 1. HP: 19/19 MP: 1/1
     1 | D        | Noticed Ijyb
    10 | D        | Killed Ijyb
    11 | D        | Reached skill level 5 in Fighting
    11 | D        | Reached skill level 5 in Axes
    11 | D        | Reached XP level 2. HP: 27/29 MP: 2/2
    11 | D        | Reached XP level 3. HP: 34/36 MP: 3/3
    34 | D        | Noticed an ogre
    39 | D        | Killed an ogre
    40 | D        | Reached skill level 9 in Axes
    40 | D        | Reached XP level 4. HP: 45/45 MP: 4/4
    88 | D        | Noticed Sigmund
    92 | D        | Killed Sigmund
    93 | D        | Reached skill level 11 in Axes
    93 | D        | Reached XP level 5. HP: 49/53 MP: 5/5
    93 | D        | Reached XP level 6. HP: 56/61 MP: 6/6
   109 | D        | Found an ornate altar of the Wu Jian Council.
   109 | D        | Found a shimmering blue altar of Sif Muna.
   111 | D        | Found a radiant altar of Vehumet.
   114 | D        | Reached skill level 12 in Axes
   142 | D        | Found Jeowye's Magic Scroll Emporium.
   142 | D        | Found an ancient bone altar of Kikubaaqudgha.
   142 | D        | Found a hazy altar of Hepliaklqana.
   142 | D        | Found a stormy altar of Qazlal.
   142 | D        | Found a hide-covered altar of Uskayaw.
   142 | D        | Found a blossoming altar of Fedhas.
   142 | D        | Found a bloodstained altar of Trog.
   142 | D        | Found an iron altar of Okawaru.
   142 | D        | Found a basalt altar of Yredelemnul.
   142 | D        | Found a glowing golden altar of the Shining One.
   142 | D        | Found a snail-covered altar of Cheibriados.
   142 | D        | Found a sacrificial altar of Ru.
   142 | D        | Found a glowing silver altar of Zin.
   142 | D        | Found a shadowy altar of Dithmenos.
   142 | D        | Found a white marble altar of Elyvilon.
   142 | D        | Noticed a yak
   148 | D        | Killed a yak
   149 | D        | Reached skill level 13 in Axes
   149 | D        | Reached XP level 7. HP: 62/70 MP: 7/7
   149 | D        | Found an opulent altar of Gozag.
   150 | D        | Found a sparkling altar of Nemelex Xobeh.
   156 | D        | Became a worshipper of the Shining One
   159 | D        | Bought a scroll of identify for 26 gold pieces
   190 | D        | Found a burning altar of Makhleb.
   190 | D        | Found a viscous altar of Jiyva.
   190 | D        | Found a shimmering altar of Xom.
   190 | D        | Found a corrupted altar of Lugonu.
   190 | D        | Noticed a slime creature
   196 | D        | Killed a slime creature
   197 | D        | Reached skill level 10 in Fighting
   197 | D        | Reached skill level 14 in Axes
   298 | D        | Noticed a kobold demonologist
   298 | D        | Reached * piety under the Shining One
   298 | D        | Noticed a kobold demonologist
   304 | D        | Killed a kobold demonologist
   304 | D        | Reached ** piety under the Shining One
   305 | D        | Reached skill level 15 in Axes
   305 | D        | Reached skill level 10 in Armour
   305 | D        | Reached XP level 8. HP: 82/82 MP: 8/8
   305 | D        | Killed a kobold demonologist
   306 | D        | Reached skill level 16 in Axes
   318 | D        | Noticed a centaur warrior
   320 | D        | Noticed a centaur warrior
   328 | D        | Killed a centaur warrior
   329 | D        | Reached skill level 18 in Axes
   329 | D        | Reached XP level 9. HP: 26/91 MP: 9/9
   333 | D        | Killed a centaur warrior
   334 | D        | Reached skill level 19 in Axes
   390 | D        | Bought a scroll of identify for 26 gold pieces
   567 | D        | Noticed a deep troll
   571 | D        | Killed a deep troll
   583 | D        | Found Xido's Armour Emporium.
   719 | D        | Noticed a hornet
   719 | D        | Reached *** piety under the Shining One
   722 | D        | Paralysed by a hornet for 2 turns
   732 | D        | Killed a hornet
   898 | D        | Noticed an oklob plant
   915 | D        | Killed from afar by an oklob plant

Illustrated notes

Levels and vault maps discovered:
D:        dungeon_sprint_1 [red_sonja_temple_1, red_sonja_temple_small_1]

Skill      XL: |  1  2  3  4  5  6  7  8  9 |
---------------+----------------------------+-----
Fighting       | 5 6 8 9 11 12 13 | 13.7
Axes           | 5 9 11 13 15 18 19 | 19.9
Armour         | 4 6 7 8 10 11 12 | 12.7
Shields        | |  3.2

Action                     |  1- 3 |  4- 6 |  7- 9 || total
---------------------------+-------+-------+-------++-------
  Melee: War axe           |    12 |    10 |    49 ||    71
  Evoke: Wand              |     1 |       |       ||     1
    Use: Potion            |     1 |       |     5 ||     6
         Scroll            |       |       |     2 ||     2
 Armour: Scale mail        |     2 |     1 |    16 ||    19
  Dodge: Dodged            |     3 |     1 |     8 ||    12
  Block: Buckler           |     1 |     2 |     8 ||    11
